 Dungeon Crawl Stone Soup version 0.19.0-24-gb05acd6 (webtiles) character file.

561 Ladykiller69 the Shield-Bearer (level 7, 0/56 HPs)
             Began as a Formicid Fighter on Nov 20, 2016.
             Slain by a sky beast (6 damage)
             ... on level 5 of the Dungeon.
             The game lasted 00:08:26 (3008 turns).

Ladykiller69 the Shield-Bearer (Formicid Fighter)   Turns: 3008, Time: 00:08:26

Health: 0/56       AC: 11    Str: 20    XL:     7   Next: 57%
Magic:  7/7        EV:  4    Int: 10    God:
Gold:   219        SH: 10    Dex: 10    Spells: 0 memorised, 6 levels left

rFire  . . .     SeeInvis +     a - +0 war axe
rCold  . . .     Gourm    .     s - +0 plate armour
rNeg   . . .     Faith    .     c - +0 shield
rPois  +         Spirit   .     (helmet unavailable)
rElec  .         Reflect  .     (no cloak)
rCorr  .         Harm     +     (no gloves)
MR     .....                    (no boots)
Stlth  ..........               o - amulet of harm
                                (no ring)
                                i - ring of poison resistance

@: no status effects
A: permanent stasis, dig shafts and tunnels, four strong arms, antennae 3
a: Dig, Shaft Self


You were on level 5 of the Dungeon.
You were not hungry.

You visited 1 branch of the dungeon, and saw 5 of its levels.

You collected 219 gold pieces.

Inventory:

Hand Weapons
 a - a +0 war axe (weapon)
Missiles
 g - 57 stones
 x - 2 tomahawks (quivered)
Armour
 b - a +0 scale mail
 c - a +0 shield (worn)
 s - a +0 plate armour (worn)
 y - a +1 chain mail of magic resistance
Jewellery
 i - a ring of poison resistance (left hand)
 k - an uncursed ring of wizardry {unknown}
 o - an amulet of harm (around neck)
 D - an uncursed amulet of rage
Wands
 u - a wand of confusion (8/48)
 C - a wand of disintegration (12/24)
Scrolls
 e - 2 scrolls of magic mapping {unknown}
 h - a scroll of enchant armour {unknown}
 j - a scroll of fog {unknown}
 p - 3 scrolls of identify {unknown}
 q - 3 scrolls of remove curse {unknown}
 t - 2 scrolls of teleportation {unknown}
 B - a scroll of enchant weapon {unknown}
Potions
 d - a potion of might
 m - a potion of experience {unknown}
 n - a potion of agility {unknown}
 r - a potion of curing {unknown}
 z - a potion of cancellation {unknown}
 A - 3 potions of lignification {unknown}
 E - 2 potions of flight {unknown}
 F - a potion of brilliance {unknown}
Comestibles
 f - a bread ration
 l - 2 meat rations
 v - 2 slices of pizza


   Skills:
 - Level 5.0 Fighting
 * Level 5.5 Axes
 - Level 4.0 Armour
 + Level 5.6 Shields


You had 6 spell levels left.
You didn't know any spells.

Dungeon Overview and Level Annotations

Branches:
Dungeon (5/15)
 Temple: D:4-7

Altars:


Innate Abilities, Weirdness & Mutations

You are under a permanent stasis effect.
You can dig through walls and to a lower floor.
Your four strong arms can wield two-handed weapons with a shield.
You have a pair of large antennae on your head. (SInv)


Message History

The sky beast is moderately wounded.
You block the sky beast's attack.
You hit the sky beast but do no damage.
The sky beast is moderately wounded.
The sky beast flickers out of sight for a moment.
The sky beast hits you. The sky beast shocks you.
* * * LOW HITPOINT WARNING * * *
You are too injured to fight recklessly!
You are too injured to fight recklessly!
You hit the sky beast.
The sky beast is heavily wounded.
The sky beast hits you.
* * * LOW HITPOINT WARNING * * *
The sky beast shocks you.
* * * LOW HITPOINT WARNING * * *
The sky beast hits you but does no damage.
The sky beast hits you.
* * * LOW HITPOINT WARNING * * *
The sky beast shocks you.
You die...

#..........#
...........#
#..........#
#.$........#
#..........#
.(.........#
....>.Y....##
#.....@....#
............#
..............#
..............#
##..........###
#.......?..#
#..........#
.......#####


You could see a sky beast (invisible).

Vanquished Creatures
  An ogre (D:4)
  A bullfrog (D:4)
  A jelly (D:5)
  2 hounds (D:4)
  An orc priest (D:3)
  2 orc wizards
  A worker ant (D:4)
  A hound zombie (D:5)
  2 gnolls
  7 adders
  An ooze (D:4)
  2 worms
  4 dart slugs
  3 leopard geckos
  4 orcs
  A ball python (D:1)
  9 bats
  17 giant cockroaches
  5 goblins
  6 hobgoblins
  8 jackals
  6 kobolds
  6 quokkas
  4 frilled lizards
  3 rats
98 creatures vanquished.

Notes
Turn   | Place    | Note
-------+----------+-------------------------------------------
     0 | D:1      | Ladykiller69 the Formicid Fighter began the quest for the Orb.
     0 | D:1      | Reached XP level 1. HP: 18/18 MP: 1/1
   202 | D:1      | Reached XP level 2. HP: 24/24 MP: 2/2
   492 | D:1      | Reached XP level 3. HP: 28/29 MP: 3/3
   998 | D:2      | Reached XP level 4. HP: 36/37 MP: 4/4
  1568 | D:2      | Reached XP level 5. HP: 42/42 MP: 5/5
  2110 | D:3      | Found a faded altar of an unknown god.
  2324 | D:3      | Reached XP level 6. HP: 49/49 MP: 6/6
  2529 | D:4      | Noticed an ogre
  2538 | D:4      | Killed an ogre
  2577 | D:4      | Reached skill level 5 in Fighting
  2577 | D:4      | Reached skill level 5 in Shields
  2577 | D:4      | Reached XP level 7. HP: 44/56 MP: 7/7
  2892 | D:4      | Reached skill level 5 in Axes
  2990 | D:5      | Entered Level 5 of the Dungeon
  3008 | D:5      | Slain by a sky beast

Skill      XL: |  1  2  3  4  5  6  7 |
---------------+----------------------+-----
Shields        | 4 5 |  5.6
Armour         | 4 |  4.0
Axes           | 3 4 5 |  5.5
Fighting       | 4 5 |  5.0

Action                   |  1- 3 |  4- 6 |  7- 9 || total
-------------------------+-------+-------+-------++-------
Melee: War axe           |   107 |   191 |    84 ||   382
Throw: Tomahawk          |       |     2 |       ||     2
 Abil: Dig               |       |     1 |     4 ||     5
Evoke: Wand              |       |     1 |       ||     1
  Eat: Chunk             |       |     6 |     2 ||     8
Armor: Scale mail        |    67 |    31 |       ||    98
       Plate armour      |       |    69 |    52 ||   121
Dodge: Dodged            |    50 |    46 |    20 ||   116
Block: Shield            |    62 |   110 |    39 ||   211
